 Dungeon Crawl Stone Soup version 0.17-a0-633-gcf22183 (webtiles) character file.

10208 Pikaro the Gelid (level 11, -13/70 HPs)
             Began as an Octopode Ice Elementalist on Apr 17, 2015.
             Was a Follower of Vehumet.
             Killed from afar by Psyche (24 damage)
             ... with a wand of lightning
             ... on level 11 of the Dungeon.
             The game lasted 00:52:47 (15807 turns).

Pikaro the Gelid (Octopode Ice Elementalist)       Turns: 15807, Time: 00:52:48

Health: -13/70     AC:  8    Str:  8    XL:     11   Next: 58%
Magic:  11/18      EV: 14    Int: 22    God:    Vehumet [*.....]
Gold:   92         SH:  0    Dex: 13    Spells: 6 memorised, 2 levels left

rFire  + . .     SeeInvis +     r - +3 dagger (elec)
rCold  . . .     Clarity  .     (no shield)
rNeg   . . .     SustAb   +     c - +0 hat
rPois  .         Gourm    .     g - amulet of regeneration {+regen}
rElec  .         Spirit   .     t - ring of see invisible {sInv}
rCorr  .         Warding  .     v - ring of flight {+Fly}
rMut   .         Stasis   .     u - ring of sustain abilities {SustAb}
MR     .....                    F - +2 ring of intelligence
Stlth  +++.......               (no ring)
                                (no ring)
                                (no ring)
                                (no ring)

@: lethally poisoned (-13 -> -13), icy armour, very slightly contaminated,
hasted, drained, very quick, not resistant to hostile enchantments, fairly
stealthy
A: almost no armour, amphibious, 8 rings, constrict 8, camouflage 1, fire
resistance 1, gelatinous body 1
a: Renounce Religion, Evoke Flight


You were on level 11 of the Dungeon.
You worshipped Vehumet.
Vehumet was aware of your devotion.
You were very hungry.

You visited 1 branch of the dungeon, and saw 11 of its levels.
You also visited: Sewer.

You collected 517 gold pieces.
You spent 425 gold pieces at shops.

Inventory:

Hand weapons
 e - a +3 dagger of venom
   (You took it off Maurice on level 8 of the Dungeon)
 n - a +0 blowgun
   (You took it off a kobold on level 10 of the Dungeon)
 r - a +3 dagger of electrocution (weapon)
   (You took it off an orc on level 4 of the Dungeon)
Missiles
 x - 24 poisoned needles
Armour
 c - a +0 hat (worn)
   (You took it off Gastronok on level 8 of the Dungeon)
Jewellery
 g - an amulet of regeneration (around mantle) {+regen}
   (You found it on level 1 of the Dungeon)
 p - an uncursed ring of fire {rF+, rC-}
   (You took it off a goblin on level 1 of the Dungeon)
 t - a ring of see invisible (left tentacle) {sInv}
   (You found it on level 4 of the Dungeon)
 u - a ring of sustain abilities (on tentacle) {SustAb}
   (You found it on level 4 of the Dungeon)
 v - a ring of flight (right tentacle) {+Fly}
   (You took it off an orc on level 4 of the Dungeon)
 C - an uncursed amulet of warding {Ward, rN+}
   (You found it on level 6 of the Dungeon)
 D - an uncursed amulet of resist mutation {rMut}
   (You found it on level 6 of the Dungeon)
 F - a +2 ring of intelligence (on tentacle)
   (You found it on level 7 of the Dungeon)
 N - an uncursed amulet of faith {Faith, !P}
   (You found it on level 10 of the Dungeon)
Magical devices
 q - a wand of enslavement (13)
   (You found it on level 3 of the Dungeon)
 A - a wand of teleportation (5)
   (You found it on level 5 of the Dungeon)
 H - a wand of digging (14)
   (You found it on level 7 of the Dungeon)
 L - a wand of hasting (3)
   (You found it on level 9 of the Dungeon)
Scrolls
 d - a scroll of amnesia {unknown}
 l - 3 scrolls of enchant armour {unknown}
 m - 2 scrolls of teleportation
 s - 5 scrolls of enchant weapon {unknown}
 y - a scroll of remove curse
 B - a scroll of recharging
 E - 3 scrolls of fear {unknown}
 I - 3 scrolls of immolation {unknown}
 K - a scroll of magic mapping {unknown}
 Q - a scroll of identify
Potions
 f - 3 potions of ambrosia {!q}
 h - a potion of might
 j - a potion of cancellation
 o - 5 potions of restore abilities
 w - 3 potions of brilliance
 G - 2 potions of invisibility
 J - a potion of berserk rage {!q}
 O - 2 potions of cure mutation {!q}
Books
 b - a book of Frost
Miscellaneous
 z - a plain deck of summoning
   (You found it on level 9 of the Dungeon)
Comestibles
 a - 2 meat rations
 i - 10 slices of pizza
 k - a beef jerky
 P - 2 bread rations


   Skills:
 + Level 4.8(4.5) Fighting
 + Level 5.3(5.0) Dodging
 - Level 2.6(2.3) Stealth
 + Level 5.1(4.7) Spellcasting
 - Level 1.0(0.6) Conjurations
 - Level 15.1(14.6) Ice Magic


You had 2 spell levels left.
You knew the following spells:

 Your Spells              Type           Power        Failure   Level  Hunger
a - Freeze                Ice            ####         1%          1    None
A - Throw Frost           Conj/Ice       #####.       1%          2    None
B - Ozocubu's Armour      Chrm/Ice       #####...     1%          3    ##.....
C - Condensation Shield   Ice            ######....   1%          4    ####...
D - Summon Ice Beast      Ice/Summ       #####...     6%          4    ####...
E - Throw Icicle          Conj/Ice       #####...     6%          4    ####...


Dungeon Overview and Level Annotations

Branches:
Dungeon (11/15)            Temple (0/1) D:5            Lair (0/8) D:11
    Orc (0/4) D:10

Altars:
Elyvilon
Qazlal
Ru
Vehumet

Shops:
D:7 %   D:9 ?**   D:10 *

Annotations:
D:8 onwiheg's ghost, experienced DgWz
D:11 exclusion: Erolcha, Erolcha; Psyche


Innate Abilities, Weirdness & Mutations

You cannot wear most types of armour.
You are amphibious.
You can wear up to eight rings at the same time.
You can use your tentacles to constrict eight enemies at once.
Your skin changes colour to match your surroundings (Stealth).
Your rubbery body absorbs attacks (AC +1).
Your flesh is heat resistant.


Message History

You freeze the big kobold. The big kobold closely misses you.
You now have 14/18 mp.
Aim: a big kobold (moderately wounded)
You freeze the big kobold. The big kobold hits you.
You take 2 damage, and have 59/70 hp.
You now have 13/18 mp.
Aim: a big kobold (severely wounded)
You freeze the big kobold. The big kobold hits you!
You take 6 damage, and have 53/70 hp.
You now have 12/18 mp.
Aim: a big kobold (almost dead)
You freeze the big kobold.
You kill the big kobold!
You feel your power returning.
A wight comes into view. It is wielding a war axe.
Aim: a wight, wielding an enchanted flail and wearing a robe You freeze the wight.
The wight resists.
Psyche looks braver.
The wight hits you with an enchanted flail!
The wight closely misses you.
You take 9 damage, and have 45/70 hp.
You now have 12/18 mp.
Aim: a wight, wielding an enchanted flail and wearing a robe (lightly damaged)
You freeze the wight.
The wight resists.
The wight closely misses you. The wight closely misses you.
You hit the wight.
There is a sudden explosion of sparks!
You destroy the wight!
Psyche mumbles some strange words.
Psyche seems to speed up.
The wight hits you with a halberd of venom!
You feel drained.
You are poisoned. an enchanted flail; a robe You take 7 damage, and have 39/70 hp.
A film of ice covers your body!
You feel sick.
Psyche glows brightly for a moment.
The wight hits you but does no damage.
You are more poisoned.
You now have 9/18 mp.
You closely miss the wight. You grab the wight. Your squeeze misses the wight.
You constrict the wight, but do no damage.
You feel sick. The wight completely misses you.
You take 2 damage, and have 37/70 hp.
You hit the wight. You squeeze the wight!
You destroy the wight!
You are feeling very hungry.
You feel sick.
Psyche gestures wildly while chanting.
You feel troubled.
Psyche laughs secretively.
Psyche gestures wildly while chanting.
Psyche flickers and vanishes for a moment.
You take 1 damage, and have 36/70 hp.
You closely miss the kobold. You grab the kobold.
You constrict the kobold, but do no damage.
You feel sick. The kobold hits you but does no damage.
Psyche zaps a wand.
The bolt of lightning hits the kobold.
The kobold dies!
The bolt of lightning hits you!
* * * LOW HITPOINT WARNING * * *
It is a wand of lightning.
You take 20 damage, and have 16/70 hp.
MASSIVE DAMAGE!!
HP at 22%!
Read which item? (? for menu, Esc to quit)
Really read
M - 2 scrolls of blinking {!r}?
Blink to where?
You are very lightly contaminated with residual magic.
As you read the scroll of blinking {!r}, it crumbles to dust.
You feel sick.
Psyche mumbles some strange words.
You feel a wave of unholy energy pass over you.
A kobold comes into view.
You take 1 damage, and have 15/70 hp.
You feel sick.
The kobold shouts!
You take 1 damage, and have 14/70 hp.
Read which item? (? for menu, Esc to quit)
Really read
M - a scroll of blinking {!r}?
Blink to where?
As you read the scroll of blinking {!r}, it crumbles to dust.
You feel sick.
You take 1 damage, and have 13/70 hp.
You feel sick.
You feel sick.
You feel sick.
You take 1 damage, and have 12/70 hp.
You feel sick.
You see here a ring mail.
You take 1 damage, and have 12/70 hp.
You feel sick.
You feel yourself speed up.
This wand has 3 charges left.
You feel sick.
Psyche mumbles some strange words.
You feel troubled.
Psyche zaps a wand.
The bolt of lightning hits the kobold.
The kobold dies!
The bolt of lightning misses you.
You feel sick.
Psyche zaps a wand.
The bolt of lightning hits you!
You die...

....# #######.###### #..# #§#
#..#################.######
#######...................K......
.................................
########.################........
########.# #........
.........################........
................@..[....@........
.......###########.############.#
.......# #.# . .......####### #..
......§........ ....
......§§≈≈..## #...#
###..≈≈§§§≈.# #...# ....≈§§.§≈≈.#
#...# ....§§≈>§≈§.. ...


You could see Psyche (invisible).

Vanquished Creatures
  Erica (D:8)
  2 unseen horrors
  A hill giant (D:10)
  Pikel (D:4)
  Maurice (D:8)
  Joseph (D:7)
  Grinder (D:5)
  A human (D:8)
  3 hippogriffs
  A warg (D:10)
  3 slaves
  A black bear (D:10)
  2 phantoms
  4 sky beasts
  5 ice beasts
  An orc warrior (D:9)
  4 centaurs
  A crocodile (D:10)
  An eye of draining (D:10)
  A necrophage (D:10)
  8 ogres
  5 big kobolds
  3 giant frogs (D:10)
  A gnoll sergeant (D:9)
  A scorpion (D:8)
  3 killer bees (D:9)
  11 wights
  A giant frog zombie (D:8)
  6 crimson imps
  A centaur zombie (D:9)
  2 hounds
  3 jellies
  Crazy Yiuf (D:2)
  2 giant frog skeletons
  3 iguanas
  9 orc wizards
  4 orc priests
  8 worker ants
  5 hound zombies
  16 adders
  4 river rats
  9 gnolls
  3 shadow imps
  An ooze (D:5)
  A worm zombie (D:5)
  An adder skeleton (D:4)
  5 worms
  5 giant geckos
  25 orcs
  13 bats
  A bat skeleton (D:4)
  2 bat zombies
  9 giant cockroaches
  16 hobgoblins
  18 jackals
  3 quokkas
  3 ball pythons
  2 giant gecko skeletons
  9 giant newts
  A giant spore (D:10)
  9 goblins
  A jackal skeleton (D:9)
  32 kobolds
  2 quokka skeletons
  18 rats
  9 ballistomycetes
331 creatures vanquished.

Vanquished Creatures (collateral kills)
  Gastronok (D:8)
  An orc warrior (D:10)
2 creatures vanquished.

Vanquished Creatures (others)
  An ice beast (D:10)
  A gnoll (D:8)
  A bat (D:3)
  3 giant spores
  3 kobolds
  A rat (D:5)
10 creatures vanquished.

Grand Total: 343 creatures vanquished

Notes
Turn   | Place    | Note
--------------------------------------------------------------
     0 | D:1      | Pikaro, the Octopode Ice Elementalist, began the quest for the Orb.
     0 | D:1      | Reached XP level 1. HP: 11/11 MP: 3/3
   337 | D:1      | Reached XP level 2. HP: 15/17 MP: 1/5
   513 | D:1      | Reached skill level 4 in Ice Magic
   689 | D:1      | Reached XP level 3. HP: 21/21 MP: 3/6
  1223 | D:2      | Reached XP level 4. HP: 27/27 MP: 4/7
  1398 | D:2      | Reached skill level 5 in Ice Magic
  1647 | D:2      | Noticed Crazy Yiuf
  1687 | D:2      | Killed Crazy Yiuf
  1687 | D:2      | Reached XP level 5. HP: 31/31 MP: 8/8
  2860 | D:4      | Reached skill level 6 in Ice Magic
  3017 | D:4      | Noticed an ogre
  3067 | D:4      | Killed an ogre
  3067 | D:4      | Reached XP level 6. HP: 31/36 MP: 9/9
  3146 | D:4      | Reached skill level 7 in Ice Magic
  3262 | D:4      | HP: 8/36 [giant frog skeleton (5)]
  3331 | D:4      | Reached XP level 7. HP: 41/41 MP: 10/10
  3401 | D:4      | Noticed a phantom
  3403 | D:4      | Noticed an ogre
  3412 | D:4      | Killed an ogre
  3412 | D:4      | Reached skill level 8 in Ice Magic
  3454 | D:4      | Killed a phantom
  3825 | D:4      | Found a white marble altar of Elyvilon.
  3825 | D:4      | Found a stormy altar of Qazlal.
  3975 | D:5      | Entered Level 5 of the Dungeon
  4094 | D:5      | Noticed Pikel
  4103 | D:4      | Learned a level 2 spell: Throw Frost
  4107 | D:4      | Learned a level 3 spell: Ozocubu's Armour
  4112 | D:4      | Learned a level 4 spell: Condensation Shield
  4247 | D:4      | Killed Pikel
  4247 | D:4      | Reached skill level 10 in Ice Magic
  4247 | D:4      | Reached XP level 8. HP: 26/46 MP: 4/11
  4562 | D:5      | Found a staircase to the Ecumenical Temple.
  4759 | D:5      | Reached skill level 11 in Ice Magic
  4970 | D:5      | Reached XP level 9. HP: 36/51 MP: 8/12
  5129 | D:5      | Noticed Grinder
  5155 | D:5      | Killed Grinder
  5459 | D:6      | Found a glowing drain.
  5633 | Sewer    | Entered a sewer
  5848 | Sewer    | Found a white marble altar of Elyvilon.
  5974 | D:6      | Reached skill level 12 in Ice Magic
  6570 | D:7      | Noticed Joseph
  6843 | D:7      | Found a sacrificial altar of Ru.
  6866 | D:7      | Found Ucwo's Food Shoppe.
  7386 | D:7      | Killed Joseph
  7386 | D:7      | Reached skill level 13 in Ice Magic
  7607 | D:8      | Noticed Gastronok
  7630 | D:8      | Noticed onwiheg's ghost (experienced DgWz)
  7743 | D:8      | Noticed Erica
  7758 | D:8      | HP: 11/51 [hippogriff (2)]
  7891 | D:8      | Killed Erica
  7891 | D:8      | Reached XP level 10. HP: 43/56 MP: 9/13
  7897 | D:8      | Reached skill level 14 in Ice Magic
  7979 | D:9      | HP: 14/56 [adder (1)]
  7984 | D:9      | HP: 14/56 [poisoned by an adder]
  8120 | D:8      | HP: 11/56 [gnoll sergeant/spear (7)]
  8148 | D:9      | Found Guaw's General Store.
  8173 | D:9      | Bought a potion of berserk rage for 70 gold pieces
  8478 | D:9      | Found Bisoqergh's Assorted Antiques.
  8487 | D:9      | Bought a potion of heal wounds for 125 gold pieces
  8487 | D:9      | Bought a scroll labeled SERHAPP VUTAA for 25 gold pieces
  8487 | D:9      | Bought a scroll labeled AGUICU EGUU for 25 gold pieces
  8487 | D:9      | Bought 2 scrolls labeled XILOVI SIVOCK for 50 gold pieces
  8545 | D:9      | Found Ogrost's Magic Scroll Emporium.
  8565 | D:9      | HP: 12/56 [centaur (6)]
  8927 | D:9      | Found a radiant altar of Vehumet.
  8936 | D:9      | Became a worshipper of Vehumet
  8963 | D:10     | Entered Level 10 of the Dungeon
  9308 | D:10     | Found a staircase to the Orcish Mines.
  9322 | D:10     | HP: 8/56 [giant frog (7)]
  9992 | D:10     | Noticed an unseen horror
 10073 | D:10     | Killed an unseen horror
 10073 | D:10     | Reached skill level 15 in Ice Magic
 10101 | D:10     | HP: 12/56 [kobold/wand of lightning (15)]
 10109 | D:10     | HP: 11/56 [poisoned by a kobold]
 10117 | D:10     | HP: 10/56 [poisoned by a kobold]
 10527 | D:10     | Reached skill level 1 in Fighting
 10920 | D:10     | Found Ylaidwul's General Store.
 10926 | D:10     | HP: 9/59 [giant frog (9)]
 10928 | D:10     | HP: 2/59 [giant frog (4)]
 11750 | D:8      | Learned a level 4 spell: Summon Ice Beast
 11767 | D:8      | Killed Gastronok
 11767 | D:8      | Reached skill level 2 in Fighting
 11767 | D:8      | Reached skill level 3 in Dodging
 11767 | D:8      | Reached skill level 3 in Spellcasting
 11767 | D:8      | Reached XP level 11. HP: 43/66 MP: 1/16
 12166 | D:8      | Reached skill level 3 in Fighting
 12694 | D:8      | Reached skill level 4 in Dodging
 12848 | D:7      | Acquired Vehumet's first power
 12848 | D:7      | Offered knowledge of Sting by Vehumet.
 12990 | D:8      | Reached skill level 4 in Spellcasting
 13170 | D:8      | Noticed Maurice
 13184 | D:8      | Killed Maurice
 13542 | D:9      | Bought a scroll of identify for 26 gold pieces
 13542 | D:9      | Bought a scroll of identify for 26 gold pieces
 13542 | D:9      | Bought a scroll of identify for 26 gold pieces
 13542 | D:9      | Bought a scroll of identify for 26 gold pieces
 13542 | D:9      | Bought a scroll of identify for 26 gold pieces
 13653 | D:8      | Gained mutation: Your flesh is heat resistant. [mutagenic meat]
 14035 | D:10     | Noticed a hill giant
 14074 | D:10     | Killed a hill giant
 14074 | D:10     | Reached skill level 4 in Fighting
 14647 | D:10     | Found Ylaidwul's General Store.
 14782 | D:10     | Reached skill level 5 in Dodging
 14894 | D:10     | Found a staircase to the Orcish Mines.
 15508 | D:11     | Noticed an unseen horror
 15536 | D:11     | Killed an unseen horror
 15536 | D:11     | Reached skill level 5 in Spellcasting
 15542 | D:11     | Learned a level 4 spell: Throw Icicle
 15629 | D:11     | Noticed Erolcha
 15732 | D:11     | Found a staircase to the Lair.
 15782 | D:11     | Noticed Psyche
 15795 | D:11     | HP: 16/70 [Psyche/wand of lightning (20)]
 15800 | D:11     | HP: 13/70 [poisoned by a wight]
 15805 | D:11     | HP: 12/70 [poisoned by a wight]
 15807 | D:11     | Killed from afar by Psyche

Action                   |  1- 3 |  4- 6 |  7- 9 | 10-12 || total
-------------------------+-------+-------+-------+-------++-------
Melee: Short sword       |    13 |    15 |    33 |    32 ||    93
       Dagger            |       |    25 |    83 |   209 ||   317
 Fire: Blowgun           |       |       |       |     4 ||     4
 Cast: Freeze            |    40 |    81 |   187 |   221 ||   529
       Ozocubu's Armour  |       |       |     9 |    30 ||    39
       Condensation Shie |       |       |     7 |    15 ||    22
       Summon Ice Beast  |       |       |       |     7 ||     7
       Throw Frost       |       |       |       |     4 ||     4
Evoke: Wand              |       |       |       |     5 ||     5
  Use: Scroll            |     7 |     7 |     1 |    10 ||    25
       Potion            |       |     2 |     2 |    10 ||    14
 Stab: Sleeping          |       |       |     1 |       ||     1
       Distracted        |       |       |       |     1 ||     1
  Eat: Chunk             |     2 |     9 |    15 |    20 ||    46
       Bread ration      |       |       |     1 |     2 ||     3
       Meat ration       |       |       |       |     2 ||     2

Vault maps used:
D:1:      lemuel_arrival_muddy
D:2:      uniq_crazy_yiuf_cottage
D:4:      minitemple, first_bread, serial_curves, eino_curves_01,
          eino_curves_01, kennysheep_boxes
D:5:      minmay_temple_entry_from_below_a, nrook_mini_backslash, uniq_pikel,
          uniq_grinder
D:6:      portal_sewer_entry_b
D:7:      serial_shops, shop, nicolae_ru_great_annihilating_truth, uniq_joseph
D:8:      grunt_pizzeria, uniq_maurice, uniq_erica, uniq_gastronok
D:9:      vehumet_crystals, serial_shops, shop, nicolae_shop_overgrown_old_shop,
          kennysheep_little_box
D:10:     minmay_orc_entry_guard_dogs, serial_shops, kennysheep_mini_moat
D:11:     minmay_lair_entry_lava, uniq_erolcha, uniq_psyche
Sewer:    sewer_kobolds

Table legend:
 A = Turns spent in this place as a percentage of turns spent in the entire game.
 B = Non-inter-level travel turns spent in this place as a percentage of non-inter-level travel turns spent in the entire game.
 C = Inter-level travel turns spent in this place as a percentage of turns spent in this place.
 D = Turns resting spent in this place as a percentage of non-inter-level travel turns spent in this place.
 E = Turns spent auto-exploring this place as a percentage of non-inter-level travel turns spent in this place.
 F = Non-inter-level travel turns spent in this place divided by the number of levels of this place that you've seen.
                   A       B       C       D       E      F
               +-------+-------+-------+-------+-------+----------------------
         Total | 100.0 | 100.0 |   0.5 |   9.9 |   5.5 | 392.2
       Dungeon |  98.3 |  98.3 |   0.6 |  10.0 |   5.4 | 420.4
         Sewer |   1.7 |   1.7 |   0.0 |   4.9 |   7.3 |  82.0
               +-------+-------+-------+-------+-------+----------------------

Table legend:
 A = Kills in this place as a percentage of kills in entire the game.
 B = Kills by you in this place as a percentage of kills by you in the entire game.
 C = Kills by friends in this place as a percentage of kills by friends in the entire game.
 D = Other kills in this place as a percentage of other kills in the entire game.
 E = Experience gained in this place as a percentage of experience gained in the entire game.
 F = Experience gained in this place divided by the number of levels of this place that you have seen.
                   A       B       C       D       E      F
               +-------+-------+-------+-------+-------+----------------------
         Total | 100.0 | 100.0 | 100.0 | 100.0 | 100.0 | 1215.3
       Dungeon |  96.6 |  96.5 | 100.0 | 100.0 |  99.1 | 1313.4
         Sewer |   3.4 |   3.5 |   0.0 |   0.0 |   0.9 | 137.0
               +-------+-------+-------+-------+-------+----------------------
